Map: Dusty Gorge

Players

KirO

  • Race: Terran Terran
  • Spawn Location: 9:00

microFAST

  • Race: Terran Terran
  • League: Master
  • Spawn Location: 11:00

Sugar - Winner!

  • Race: Terran Terran
  • Spawn Location: 3:00

Adversity - Winner!

  • Race: Terran Terran
  • Spawn Location: 5:00

VOD

Have the link to the VOD?

Description

Time

  • Played on: July 16, 2018, 7:04 p.m.
  • Length: 4:02
Show
View Real Time Build Order
Export as new Build Order

KirO Terran 

Build Orders: Cyclone Opening 

Get SALT Encoding   

  12  0:05  SCV  
  13  0:17  SCV  
  14  0:22  Supply Depot  
  14  0:29  SCV  
  14  0:33  Refinery  
  15  0:43  SCV  
  15  0:46  Barracks  
  16  0:55  SCV  
  17  1:08  SCV  
  18  1:20  SCV  
  19  1:35  Reaper, Orbital Command  
  20  1:44  Refinery  
  20  1:51  Refinery  
  20  1:55  Factory  
  19  2:07  Supply Depot  
  19  2:10  Reaper  
  19  2:12  SCV  
  21  2:24  SCV  
  22  2:36  SCV  
  23  2:41  Cyclone  
  25  2:48  SCV  
  26  2:59  Starport  
  26  3:01  SCV  
  24  3:08  Reaper  
  25  3:13  SCV  
  25  3:15  Cyclone  
  27  3:25  SCV  
  27  3:37  SCV  
Show
View Real Time Build Order
Export as new Build Order

microFAST Terran 

Build Orders:  

Get SALT Encoding   

  12  0:00  SCV  
  13  0:13  SCV  
  14  0:18  Supply Depot  
  14  0:25  SCV  
  15  0:29  Refinery  
  15  0:40  SCV  
  16  0:45  Barracks  
  16  0:52  SCV  
  17  1:04  Barracks  
  17  1:07  SCV  
  18  1:21  Barracks  
  18  1:33  Reaper  
  18  1:38  Orbital Command  
  19  1:46  Refinery  
  19  1:51  Reaper  
  20  2:04  Supply Depot  
  20  2:05  Reaper  
  20  2:06  SCV  
  22  2:10  Reaper  
  23  2:26  Reaper, SCV  
  24  2:37  Reaper  
  25  2:46  Reaper  
  26  2:51  SCV  
  23  3:09  Marine  
  23  3:10  SCV  
  8  3:29  Marine x2  
  10  3:35  SCV  
  11  3:47  SCV  
Show
View Real Time Build Order
Export as new Build Order

Sugar Terran - Winner!

Build Orders:  

Get SALT Encoding   

  12  0:15  Refinery  
  12  0:52  Refinery  
  12  1:07  SCV  
  13  1:19  SCV  
  14  1:32  SCV  
  15  2:04  Supply Depot  
  15  2:26  SCV  
  16  2:49  SCV  
  17  3:01  SCV  
  18  3:13  SCV  
  19  3:25  SCV  
  20  3:38  SCV  
  21  3:50  SCV  
Show
View Real Time Build Order
Export as new Build Order

Adversity Terran - Winner!

Build Orders:  

Get SALT Encoding   

  12  0:07  Supply Depot  
  12  0:31  Barracks  
  12  0:36  Barracks  
  12  0:37  Barracks  
  12  0:39  Barracks  
  12  0:47  Barracks  
  12  0:55  SCV  
  13  1:00  Refinery  
  13  1:08  SCV  
  14  1:19  Reaper  
  14  1:23  Reaper  
  14  1:25  Reaper  
  17  1:34  Reaper  
  17  1:38  Reaper  
  19  1:42  Orbital Command  
  19  1:51  Supply Depot, Reaper  
  20  1:55  Reaper  
  20  1:59  Reaper  
  22  2:07  Reaper  
  23  2:13  SCV  
  23  2:14  Reaper  
  25  2:18  Supply Depot  
  25  2:24  Reaper  
  25  2:28  Reaper  
  27  2:40  Reaper  
  27  2:44  Reaper  
  28  2:45  SCV  
  28  2:46  Reaper  
  27  3:13  Reaper x2  
  27  3:16  Reaper  
  27  3:19  Reaper  
  32  3:20  Reaper, SCV  
  32  3:32  SCV  
  32  3:33  Barracks  
  33  3:34  Barracks, Supply Depot  
  33  3:35  Barracks  
Tags
 
Add a new tag
Caveats
  • Supply blocks, unpowered buildings, or Contaminate may cause inaccurate times.
  • Supply counts are checked every 10 seconds.